AoeStats
← kuntiz

Arena

504322158Analyzed
1v1 RM · 28d ago on Sep 4, 2026· 43m 4s· 2 players
Game mode
Random Map
Map size
Tiny (2 player)
Population
200
Speed
Normal
Resources
Standard
Victory
Conquest
Starting age
Dark Age
Ending age
Imperial Age
RankedLock teamsTeams togetherTeam positionsShared explorationLock speedFull tech treeHidden civsTurbo modeCheats
Victory
Defeat
🇦🇷 Inca · Argentina
613
+20
🇹🇷 Turks · Türkiye
699
-20
Destructor
6:01 Loom
8:25 Feudal Age
20:12 Castle Age
19:09 Double-Bit Axe
19:48 Champi Runner
20:54 Forging
20:59 Arson
22:36 Stone Mining
22:37 Gold Mining
23:17 Champi Warrior
30:48 Fletching
33:40 Wheelbarrow
kuntiz
13:07 Feudal Age
13:47 Loom
13:52 Double-Bit Axe
19:08 Castle Age
21:46 Bow Saw
Connection lost

Rejoining the realm…

Still unreachable

The connection could not be restored.

Session expired

The server has moved on; the page needs a fresh start.